 Dungeon Crawl Stone Soup version 0.21-a0-84-g85d6d27 (webtiles) character file.

437 thirtiethelement the Skirmisher (level 7, -2/50 HPs)
             Began as an Octopode Wanderer on June 24, 2017.
             Slain by an orc priest
             ... wielding a +0 flail
              (11 damage)
             ... on level 4 of the Dungeon.
             The game lasted 00:20:42 (3443 turns).

thirtiethelement the Skirmisher (Octopode Wanderer) Turns: 3443, Time: 00:20:42

Health: -2/50      AC:  1    Str: 13    XL:     7   Next: 1%
Magic:  7/7        EV: 13    Int: 16    God:
Gold:   165        SH:  0    Dex: 12    Spells: 6/6 levels left

rFire    + . .     SeeInvis .   a - +4 short sword
rCold    . . .     Gourm    .   (no shield)
rNeg     . . .     Faith    .   (helmet restricted)
rPois    .         Spirit   .   (no amulet)
rElec    .         Reflect  .   e - ring of protection from fire
rCorr    .         Harm     .   i - +2 ring of intelligence
MR       .....                  (no ring)
Stlth    ++++......             (no ring)
HPRegen  0.16/turn              (no ring)
MPRegen  0.10/turn              (no ring)
                                (no ring)
                                (no ring)

@: no status effects
A: almost no armour, stealthy swim, amphibious, 8 rings, constrict 8, camouflage
1, gelatinous body 1
a: no special abilities


You were on level 4 of the Dungeon.
You were not hungry.

You visited 1 branch of the dungeon, and saw 4 of its levels.

You collected 165 gold pieces.

Inventory:

Hand Weapons
 a - a +4 short sword (weapon)
 c - a +0 dagger
 n - a +1 dagger of venom
Missiles
 g - 8 tomahawks (quivered)
Jewellery
 e - a ring of protection from fire (left tentacle)
 i - a +2 ring of intelligence (right tentacle)
Scrolls
 h - 2 scrolls of remove curse
 j - 4 scrolls of teleportation
 l - 2 scrolls of enchant armour
Potions
 k - a potion of magic
 m - a potion of invisibility
Comestibles
 d - 3 bread rations
 f - 3 meat rations


   Skills:
 + Level 5.5 Fighting
 + Level 4.7 Short Blades
   Level 1.0 Bows
 + Level 2.1 Dodging
 + Level 5.2 Stealth


You had 6 spell levels left.
You didn't know any spells.

Dungeon Overview and Level Annotations

Branches:
Dungeon (4/15)
 Temple: D:4-7

Altars:
Qazlal


Innate Abilities, Weirdness & Mutations

You cannot wear most types of armour.
You are very stealthy in the water. (Stealth+)
You are amphibious.
You can wear up to eight rings at the same time.
You can use your tentacles to constrict eight enemies at once.
Your skin changes colour to match your surroundings (Stealth+).
Your rubbery body absorbs attacks. (AC +1, EV +1)


Message History

The orc shouts!
Your squeeze misses the orc priest. The orc priest closely misses you.
The orc hits you.
* * * LOW HITPOINT WARNING * * *
Something hits you.
* * * LOW HITPOINT WARNING * * *
The orc priest looks braver for a moment.
Something hits you but does no damage.
You bump into the rock wall.
The orc misses you.
You hear some strange, mumbled words.
A puff of flame appears from out of thin air!
The puff of flame hits you! You resist.
* * * LOW HITPOINT WARNING * * *
You're too confused!
You feel better.
The orc throws a tomahawk.
The tomahawk hits you.
* * * LOW HITPOINT WARNING * * *
Something hits you.
* * * LOW HITPOINT WARNING * * *
The orc misses you. The orc priest hits you with a flail!
You die...

....##. ........... ......
.#..##..###.... .(... ... ..
##... .... ... .. # ##.. ##..#
..# #.####... #...##
#.###......... #...o#
#.#...........
#oo###...#......... #$.. ##.
##@....## #........ ....##..
#(o....###......## #...#..#
##......#.....#...
.....#####..........###...
#.#........##............###...
###......#.........##..........##
........ #.....##..####.........#
.......###.....##..# ##.........#
....... #..........###...........


You could see an orc priest and 3 orcs.

Vanquished Creatures
  An ogre (D:4)
  A hound (D:4)
  6 orc wizards
  A worker ant (D:4)
  6 adders
  An ooze (D:2)
  A worm (D:3)
  6 dart slugs
  2 leopard geckos
  10 orcs
  6 bats
  3 giant cockroaches (D:2)
  2 goblins (D:1)
  A hobgoblin (D:1)
  4 jackals (D:1)
  A quokka (D:3)
  A ball python (D:1)
  A frilled lizard (D:2)
  6 kobolds
  6 rats
66 creatures vanquished.

Notes
Turn   | Place    | Note
-------+----------+-------------------------------------------
     0 | D:1      | thirtiethelement the Octopode Wanderer began the quest for the Orb.
     0 | D:1      | thirtiethelement set off with: a +2 short sword, 2 potions of curing, a +0 dagger, a bread ration
     0 | D:1      | Reached XP level 1. HP: 17/17 MP: 1/1
   223 | D:1      | Reached XP level 2. HP: 21/23 MP: 2/2
   835 | D:2      | Reached XP level 3. HP: 27/27 MP: 3/3
  1059 | D:2      | Reached skill level 5 in Fighting
  1059 | D:2      | Reached XP level 4. HP: 29/35 MP: 4/4
  1710 | D:3      | Reached XP level 5. HP: 30/39 MP: 5/5
  2481 | D:4      | Found a stormy altar of Qazlal.
  2608 | D:4      | Reached XP level 6. HP: 39/45 MP: 6/6
  3422 | D:4      | Reached skill level 5 in Stealth
  3426 | D:4      | Reached XP level 7. HP: 15/50 MP: 7/7
  3443 | D:4      | Slain by an orc priest

Vault maps used:
D:1:      sevenhm_arrival_forest_fort_large_1
D:4:      grunt_qazlal_sundering

Skill      XL: |  1  2  3  4  5  6 |
---------------+-------------------+-----
Stealth        | 3 4 5 |  5.2
Fighting       | 5 |  5.5
Short Blades   | 4 |  4.7
Dodging        | 2 |  2.1
Bows           | |  1.0

Action                   |  1- 3 |  4- 6 |  7- 9 || total
-------------------------+-------+-------+-------++-------
Melee: Short sword       |    50 |    86 |     6 ||   142
       Constrict         |    16 |    24 |       ||    40
       Tentacles         |     6 |    17 |     1 ||    24
  Use: Scroll            |     6 |     7 |       ||    13
       Potion            |       |     2 |     3 ||     5
 Stab: Sleeping          |     4 |    10 |       ||    14
  Eat: Bread ration      |       |     2 |       ||     2
Armor: Skin              |     7 |     6 |       ||    13
Dodge: Dodged            |    24 |    45 |     6 ||    75
